Phantoms vs Eagles

Created - August 2, 2022 at 20:38

Goals
1 2 3 OT1 T
Phantoms 0 1 3 1 5
Eagles 2 1 1 0 4
Shots
1 2 3 OT1 T
Phantoms 17 6 10 2 35
Eagles 18 4 14 2 38

1st period

1. Eagles , Jonathan Marchessault 15 (Jarred Tinordi 13, Nick Cousins 22) at 15:39
2. Eagles , Tomas Tatar 7 (Drake Caggiula 7, Matteson Iacopelli 3) at 18:45

Penalties :
No Penalty

2nd period

3. Eagles , Nick Cousins 11 (Daniel Carr 12, Jonathan Marchessault 16) at 14:49
4. Phantoms , Lucas Wallmarkk 1 (Erik Nystrom 6) at 19:58

Penalties :
Matteson Iacopelli (Col) for Hooking (Minor) at 8:30, Mark Alt (Leh) for Interference (Minor) at 11:41

3rd period

5. Eagles , Nick Cousins 12 (Ryan Murphy 10, Jonathan Marchessault 17) at 6:06 (PP)
6. Phantoms , Michael Bournival 13 (Calle Jarnkrok 31) at 6:10
7. Phantoms , Sven Andrighetto 10 (David Kampf 1, Alex DeBrincat 10) at 9:26 (PP)
8. Phantoms , Calle Jarnkrok 11 (Travis Konecny 15, Michael Bournival 22) at 12:15

Penalties :
Travis Konecny (Leh) for Hooking (Minor) at 2:15, Brenden Kichton (Leh) for Cross-checking (Minor) at 5:54, Jonathan Racine (Col) for Holding (Minor) at 7:52, Jake Dotchin (Leh) for Elbowing (Minor) at 12:40, Travis Konecny (Leh) for Interference (Minor) at 19:03

Overtime #1

9. Phantoms , Sven Andrighetto 11 (Alex DeBrincat 11) at 2:30

Penalties :
No Penalty

Goalie Stats

Anton Forsberg (Leh), 34 saves from 38 shots - (0.895), W, 12-3-0, 62:30 minutes
Marek Mazanek (Col), 30 saves from 35 shots - (0.857), OTL, 12-1-1, 62:30 minutes

Players Stats for Phantoms

Player Name              G  A  P  +/- PIM S  H  SB GA TA FO     MP     PP MP  PK MP  
------------------------------------------------------------------------------------
Alex DeBrincat           0  2  2  -1  0   0  5  0  0  0  1/2    15:50   1:41   0:00 
Anthony Angello          0  0  0   0  0   0  0  0  0  0  0/0     0:00   0:00   0:00 
Blake Heinrich           0  0  0   0  0   0  3  0  0  1  0/0    11:42   0:00   1:30 
Brendan Leipsic          0  0  0   0  0   0  0  0  0  0  0/0     1:26   0:32   0:48 
Brenden Kichton          0  0  0   0  2   0  0  1  0  1  0/0    11:26   0:00   0:51 
Calle Jarnkrok           1  1  2   1  0   5  3  2  0  1  23/44  24:30   1:52   5:33 
Cristoval Nieves         0  0  0   0  0   4  2  0  0  0  4/7    11:48   0:00   0:00 
David Kampf              0  1  1  -1  0   0  0  0  0  0  1/6    10:57   1:09   0:00 
Devon Teows              0  0  0   0  0   0  0  0  0  1  0/0     5:18   0:00   0:00 
Erik Nystrom             0  1  1   1  0   2  0  0  3  1  0/0     7:39   0:00   0:00 
Ivan Provorov            0  0  0   0  0   0  1  0  0  0  0/0    20:15   1:22   2:18 
Jake Dotchin             0  0  0   1  2   1  0  6  1  1  0/0    24:51   2:11   4:21 
JC Lipon                 0  0  0   1  0   0  1  0  0  0  0/0     7:39   0:00   0:00 
Laurent Dauphin          0  0  0   0  0   0  0  0  0  0  1/1     1:43   0:00   1:35 
Lucas Wallmarkk          1  0  1   1  0   3  0  1  0  0  3/3     7:39   0:00   0:00 
Mark Alt                 0  0  0   0  2   0  0  1  0  1  0/0    19:22   1:22   1:26 
Michael Bournival        1  1  2   1  0   8  0  1  0  0  2/3    24:30   1:52   5:33 
Mikko Lehtonen           0  0  0   0  0   0  0  0  0  0  0/0     0:00   0:00   0:00 
Morgan Klimchuk          0  0  0   0  0   3  0  0  1  0  0/0    11:48   0:00   0:00 
Nick Shore               0  0  0   0  0   1  0  0  1  1  6/7     4:15   0:00   0:00 
Nick Sorensen            0  0  0   0  0   0  2  1  0  0  0/1    11:48   0:00   0:00 
Reid McNeill             0  0  0   1  0   1  2  4  0  1  0/0    26:45   2:11   5:50 
Rinat Valiev             0  0  0   0  0   0  0  0  0  0  0/0     5:18   0:00   0:00 
Sven Andrighetto         2  0  2  -1  0   5  2  2  0  0  1/1    17:45   1:41   1:47 
Travis Konecny           0  1  1   1  4   2  0  4  1  1  0/3    20:03   1:52   1:00 

Players Stats for Eagles

Player Name              G  A  P  +/- PIM S  H  SB GA TA FO     MP     PP MP  PK MP  
------------------------------------------------------------------------------------
Anthony Duclair          0  0  0   0  0   2  0  0  2  0  0/0    11:59   0:11   0:56 
Connor Carrick           0  0  0  -1  0   2  1  1  1  1  0/0    19:27   2:42   1:24 
Daniel Carr              0  1  1   0  0   2  2  0  2  0  3/4    23:59   4:54   1:34 
Drake Caggiula           0  1  1  -1  0   4  2  1  0  0  7/15   16:18   3:03   0:16 
Jarred Tinordi           0  1  1   0  0   4  4  2  0  3  0/0    31:33   5:26   2:09 
John Ramage              0  0  0  -1  0   0  2  0  0  1  0/0    19:27   2:42   1:24 
Jonathan Marchessault    1  2  3   0  0   3  4  1  1  0  18/44  23:36   4:54   0:47 
Jonathan Racine          0  0  0   0  2   1  0  0  0  1  0/0    11:29   0:00   0:00 
Joseph Blandisi          0  0  0   0  0   3  1  0  0  0  1/3    11:54   0:00   1:03 
Keaton Middleton         0  0  0   0  0   0  0  0  0  0  0/0     5:11   0:00   0:00 
Matteson Iacopelli       0  1  1  -1  2   0  2  0  0  0  1/1    16:25   3:03   0:00 
Nick Cousins             2  1  3   0  0   7  0  0  0  0  1/2    23:36   4:54   0:47 
Pius Suter               0  0  0   0  0   1  2  0  1  1  0/1     9:03   0:00   0:00 
Ryan Murphy              0  1  1   0  0   3  2  0  1  0  0/0    26:22   5:26   2:09 
Sam Steel                0  0  0   0  0   0  1  1  0  0  1/1     9:15   0:11   0:00 
Tomas Tatar              1  0  1  -1  0   5  0  2  0  0  0/0    17:45   3:03   1:43 
Tyler Motte              0  0  0   0  0   0  3  0  0  0  0/2     9:15   0:11   0:00 
Xavier Ouellet           0  0  0   0  0   0  0  1  1  0  0/0    11:30   0:00   0:00 
Zach Aston-Reese         0  0  0   0  0   1  1  0  1  0  4/5    10:51   0:00   0:00 

3 Stars

1 - Jonathan Marchessault (Col)
2 - Nick Cousins (Col)
3 - Calle Jarnkrok (Leh)

Power Play

Phantoms - 1 on 2 Attempt(s) - 50.00%
Eagles - 1 on 5 Attempt(s) - 20.00%

Penalty Kill

Phantoms - 4 on 5 Attempt(s) - 80.00% - Score 0 goal in Penalty Kill
Eagles - 1 on 2 Attempt(s) - 50.00% - Score 0 goal in Penalty Kill

Team Stat

Phantoms - Hits : 21 - Faceoff Wins : 42 - Blocked Shots : 23 - Penalty Minutes : 10
Eagles - Hits : 27 - Faceoff Wins : 36 - Blocked Shots : 9 - Penalty Minutes : 4

Official

Referees : Jon McIsaac and Chris Rooney
Linesman : Mark Shewchyk and Libor Suchanek

Game Notes

Nick Shore is injured at 14:45 of 1st period (Torn Left Knee Ligaments)

Finance

Level 1 -- Attendance: 2000 (100.00%) -- Ticket Income $70,000
Level 2 -- Attendance: 1000 (100.00%) -- Ticket Income $15,000
Total Attendance: 3000 (100.00%)
Total Ticket Income: $85,000
Other Income: $4,250
Total Income: $89,250

Phantoms

5 vs 5 Forward 
   Center                   Left Wing                Right Wing               Time % Phy DF OF 
 1 Calle Jarnkrok           Michael Bournival        Travis Konecny           40     1   2  2  
 2 Nick Shore               Alex DeBrincat           Sven Andrighetto         30     1   2  2  
 3 Cristoval Nieves         Morgan Klimchuk          Nick Sorensen            20     1   2  2  
 4 Lucas Wallmarkk          Erik Nystrom             JC Lipon                 10     1   2  2  

5 vs 5 Defense 
   Defense                  Defense                                           Time % Phy DF OF 
 1 Reid McNeill             Jake Dotchin                                      40     1   2  2  
 2 Ivan Provorov            Mark Alt                                          30     1   2  2  
 3 Blake Heinrich           Brenden Kichton                                   20     1   2  2  
 4 Rinat Valiev             Devon Teows                                       10     1   2  2  

PowerPlay Forward 
   Center                   Left Wing                Right Wing               Time % Phy DF OF 
 1 Calle Jarnkrok           Michael Bournival        Travis Konecny           60     1   2  2  
 2 Nick Shore               Alex DeBrincat           Sven Andrighetto         40     1   2  2  

PowerPlay Defense
   Defense                  Defense                                           Time % Phy DF OF 
 1 Reid McNeill             Jake Dotchin                                      60     1   2  2  
 2 Ivan Provorov            Mark Alt                                          40     1   2  2  

Penalty Kill 4 Players Forward 
   Center                   Wing                     Time % Phy DF OF 
 1 Calle Jarnkrok           Michael Bournival        60     1   2  2  
 2 Travis Konecny           Sven Andrighetto         40     1   2  2  

Penalty Kill 4 Players Defense
   Defense                  Defense                  Time % Phy DF OF 
 1 Reid McNeill             Jake Dotchin             60     1   2  2  
 2 Ivan Provorov            Mark Alt                 40     1   2  2  

Penalty Kill - 3 Players Forward 
   Forward                                           Time % Phy DF OF 
 1 Calle Jarnkrok                                    60     1   2  2  
 2 Michael Bournival                                 40     1   2  2  

Penalty Kill - 3 Players Defense
   Defense                  Defense                  Time % Phy DF OF 
 1 Reid McNeill             Jake Dotchin             60     1   2  2  
 2 Ivan Provorov            Mark Alt                 40     1   2  2  

4 vs 4 Forward 
   Center                   Wing                     Time % Phy DF OF 
 1 Calle Jarnkrok           Michael Bournival        60     1   2  2  
 2 Travis Konecny           Sven Andrighetto         40     1   2  2  

4 vs 4 Defense
   Defense                  Defense                  Time % Phy DF OF 
 1 Reid McNeill             Jake Dotchin             60     1   2  2  
 2 Ivan Provorov            Mark Alt                 40     1   2  2  

Last Minutes Offensive
   Center                   Left Wing                Right Wing               Defense                  Defense                  
   Calle Jarnkrok           Michael Bournival        Travis Konecny           Reid McNeill             Jake Dotchin             

Last Minutes Defensive
   Center                   Left Wing                Right Wing               Defense                  Defense                  
   Calle Jarnkrok           Michael Bournival        Travis Konecny           Reid McNeill             Jake Dotchin             

Goaltenders
Starting : Anton Forsberg           
Backup : Zachary Fucale           

Extra Forwards
Normal : David Kampf, Brendan Leipsic, Laurent Dauphin - PP : David Kampf, Brendan Leipsic - PK : Laurent Dauphin
Extra Defensemen
Normal : Mikko Lehtonen, Blake Heinrich, Brenden Kichton - PP : Mikko Lehtonen - PK : Blake Heinrich, Brenden Kichton
Penalty Shots
Calle Jarnkrok, Michael Bournival, Travis Konecny, Sven Andrighetto, Alex DeBrincat

Scratches
A.J. Greer (Healthy), Cooper Marody (Healthy), Brett Murray (Healthy), Matt Kiersted (Healthy), Riley Stillman (Healthy)
Jason Kasdorf (Healthy)

Eagles

5 vs 5 Forward 
   Center                   Left Wing                Right Wing               Time % Phy DF OF 
 1 Jonathan Marchessault    Daniel Carr              Nick Cousins             40     1   2  2  
 2 Drake Caggiula           Tomas Tatar              Matteson Iacopelli       30     1   2  2  
 3 Zach Aston-Reese         Joseph Blandisi          Anthony Duclair          20     1   2  2  
 4 Pius Suter               Sam Steel                Tyler Motte              10     1   2  2  

5 vs 5 Defense 
   Defense                  Defense                                           Time % Phy DF OF 
 1 Jarred Tinordi           Ryan Murphy                                       40     1   2  2  
 2 John Ramage              Connor Carrick                                    30     1   2  2  
 3 Jonathan Racine          Xavier Ouellet                                    20     1   2  2  
 4 Keaton Middleton         Jarred Tinordi                                    10     1   2  2  

PowerPlay Forward 
   Center                   Left Wing                Right Wing               Time % Phy DF OF 
 1 Jonathan Marchessault    Daniel Carr              Nick Cousins             60     1   2  2  
 2 Drake Caggiula           Tomas Tatar              Matteson Iacopelli       40     1   2  2  

PowerPlay Defense
   Defense                  Defense                                           Time % Phy DF OF 
 1 Jarred Tinordi           Ryan Murphy                                       60     1   2  2  
 2 John Ramage              Connor Carrick                                    40     1   2  2  

Penalty Kill 4 Players Forward 
   Center                   Wing                     Time % Phy DF OF 
 1 Daniel Carr              Tomas Tatar              60     1   2  2  
 2 Jonathan Marchessault    Nick Cousins             40     1   2  2  

Penalty Kill 4 Players Defense
   Defense                  Defense                  Time % Phy DF OF 
 1 Jarred Tinordi           Ryan Murphy              60     1   2  2  
 2 John Ramage              Connor Carrick           40     1   2  2  

Penalty Kill - 3 Players Forward 
   Forward                                           Time % Phy DF OF 
 1 Daniel Carr                                       60     1   2  2  
 2 Tomas Tatar                                       40     1   2  2  

Penalty Kill - 3 Players Defense
   Defense                  Defense                  Time % Phy DF OF 
 1 Jarred Tinordi           Ryan Murphy              60     1   2  2  
 2 John Ramage              Connor Carrick           40     1   2  2  

4 vs 4 Forward 
   Center                   Wing                     Time % Phy DF OF 
 1 Daniel Carr              Tomas Tatar              60     1   2  2  
 2 Jonathan Marchessault    Nick Cousins             40     1   2  2  

4 vs 4 Defense
   Defense                  Defense                  Time % Phy DF OF 
 1 Jarred Tinordi           Ryan Murphy              60     1   2  2  
 2 John Ramage              Connor Carrick           40     1   2  2  

Last Minutes Offensive
   Center                   Left Wing                Right Wing               Defense                  Defense                  
   Jonathan Marchessault    Daniel Carr              Nick Cousins             Jarred Tinordi           Ryan Murphy              

Last Minutes Defensive
   Center                   Left Wing                Right Wing               Defense                  Defense                  
   Jonathan Marchessault    Daniel Carr              Nick Cousins             Jarred Tinordi           Ryan Murphy              

Goaltenders
Starting : Marek Mazanek            
Backup : Adin Hill                

Extra Forwards
Normal : Tyler Motte, Sam Steel, Joseph Blandisi - PP : Tyler Motte, Sam Steel - PK : Joseph Blandisi
Extra Defensemen
Normal : Jonathan Racine, Xavier Ouellet, Keaton Middleton - PP : Jonathan Racine - PK : Xavier Ouellet, Keaton Middleton
Penalty Shots
Daniel Carr, Tomas Tatar, Jonathan Marchessault, Nick Cousins, Joseph Blandisi

Scratches
Chris Calhan (Healthy), Dominik Kubalik (Healthy), Jared McCann (Healthy), Mark Friedman (Healthy), Michael Dal Colle (Healthy)
Stefan Elliott (Healthy), Max Lajoie (Healthy), Pascal Laberge (Healthy), Antoine Bibeau (Healthy)

% Time on Ice - Phantoms

Lines # - Real PCT - Wanted PCT - Time Play
Normal Forward
1 - 34% - 40% - 17:05
2 - 28% - 30% - 14:17
3 - 23% - 20% - 11:48
4 - 15% - 10% - 7:39
Normal Defense
1 - 37% - 40% - 18:44
2 - 33% - 30% - 16:35
3 - 20% - 20% - 10:12
4 - 10% - 10% - 5:18
PP Forward
1 - 53% - 60% - 1:52
2 - 47% - 40% - 1:41
PP Defense
1 - 62% - 60% - 2:11
2 - 38% - 40% - 1:22
PK Forward
1 - 78% - 60% - 6:21
2 - 22% - 40% - 1:47
PK Defense
1 - 72% - 60% - 5:50
2 - 28% - 40% - 2:18
PK3 Forward
1 - 0% - 60%
2 - 0% - 40%
PK3 Defense
1 - 0% - 60%
2 - 0% - 40%
44 Forward
1 - 0% - 60%
2 - 0% - 40%
44 Defense
1 - 0% - 60%
2 - 0% - 40%
Last Minute Offensive  - 0:00
Last Minute Defensive  - 0:00
Total
Forward - 62:30
Defense - 62:30

% Time on Ice - Eagles

Lines # - Real PCT - Wanted PCT - Time Play
Normal Forward
1 - 35% - 40% - 17:32
2 - 26% - 30% - 13:23
3 - 21% - 20% - 10:51
4 - 18% - 10% - 9:03
Normal Defense
1 - 37% - 40% - 18:47
2 - 30% - 30% - 15:21
3 - 23% - 20% - 11:30
4 - 10% - 10% - 5:11
PP Forward
1 - 63% - 60% - 5:05
2 - 38% - 40% - 3:03
PP Defense
1 - 67% - 60% - 5:26
2 - 33% - 40% - 2:42
PK Forward
1 - 78% - 60% - 2:46
2 - 22% - 40% - 0:47
PK Defense
1 - 61% - 60% - 2:09
2 - 39% - 40% - 1:24
PK3 Forward
1 - 0% - 60%
2 - 0% - 40%
PK3 Defense
1 - 0% - 60%
2 - 0% - 40%
44 Forward
1 - 0% - 60%
2 - 0% - 40%
44 Defense
1 - 0% - 60%
2 - 0% - 40%
Last Minute Offensive  - 0:00
Last Minute Defensive  - 0:00
Total
Forward - 62:30
Defense - 62:30

Play-by-Play

1st period


0:01 of 1st period - Calle Jarnkrok wins face-off versus Jonathan Marchessault in neutral zone.
0:12 of 1st period - Snap shot by Calle Jarnkrok.
0:12 of 1st period - Stopped by Marek Mazanek with a rebound.
0:26 of 1st period - Alex DeBrincat is hit by Drake Caggiula and loses puck.
0:35 of 1st period - Snap shot by Drake Caggiula.
0:35 of 1st period - Stopped by Anton Forsberg with a rebound.
0:53 of 1st period - Slapshot by Lucas Wallmarkk.
0:53 of 1st period - Stopped by Marek Mazanek with a rebound.
1:11 of 1st period - Morgan Klimchuk is hit by John Ramage and loses puck.
1:41 of 1st period - Slapshot by Nick Cousins.
1:41 of 1st period - Stopped by Anton Forsberg with a rebound.
1:51 of 1st period - Jonathan Racine is hit by Alex DeBrincat and loses puck.
2:06 of 1st period - Anthony Duclair is hit by Alex DeBrincat and loses puck.
2:17 of 1st period - Lucas Wallmarkk is hit by Tyler Motte and loses puck.
2:31 of 1st period - Off-side.
2:32 of 1st period - Cristoval Nieves wins face-off versus Jonathan Marchessault in neutral zone.
2:36 of 1st period - Icing by Daniel Carr.
2:37 of 1st period - Cristoval Nieves wins face-off versus Jonathan Marchessault in Eagles zone.
2:38 of 1st period - Snap shot by Morgan Klimchuk.
2:38 of 1st period - Stopped by Marek Mazanek with a rebound.
2:40 of 1st period - Snap shot by Nick Sorensen.
2:40 of 1st period - Shot Misses the Net.
2:42 of 1st period - Slapshot by Jake Dotchin.
2:42 of 1st period - Shot Misses the Net.
2:44 of 1st period - Snap shot by Cristoval Nieves.
2:44 of 1st period - Stopped by Marek Mazanek without a rebound.
2:45 of 1st period - Calle Jarnkrok wins face-off versus Drake Caggiula in Eagles zone.
3:11 of 1st period - Ryan Murphy is hit by Sven Andrighetto and loses puck.
3:27 of 1st period - Icing by Jake Dotchin.
3:28 of 1st period - Zach Aston-Reese wins face-off versus Nick Sorensen in Phantoms zone.
3:37 of 1st period - Snap shot by Anthony Duclair.
3:37 of 1st period - Stopped by Anton Forsberg with a rebound.
4:01 of 1st period - Slapshot by Michael Bournival.
4:01 of 1st period - Stopped by Marek Mazanek with a rebound.
4:03 of 1st period - Snap shot by Travis Konecny.
4:03 of 1st period - Stopped by Marek Mazanek with a rebound.
4:21 of 1st period - Snap shot by Sven Andrighetto.
4:21 of 1st period - Shot Blocked by Tomas Tatar.
5:02 of 1st period - Slapshot by Travis Konecny.
5:02 of 1st period - Deflect By Michael Bournival.
5:02 of 1st period - Shot Misses the Net.
5:02 of 1st period - Puck is out of play.
5:03 of 1st period - Nick Shore wins face-off versus Jonathan Marchessault in Eagles zone.
5:37 of 1st period - Snap shot by Michael Bournival.
5:37 of 1st period - Stopped by Marek Mazanek with a rebound.
6:25 of 1st period - Icing by Tyler Motte.
6:26 of 1st period - Nick Shore wins face-off versus Pius Suter in Eagles zone.
6:35 of 1st period - Michael Bournival is hit by Tyler Motte and loses puck.
6:44 of 1st period - Wrist shot by Pius Suter.
6:44 of 1st period - Shot Misses the Net.
6:46 of 1st period - Slapshot by John Ramage.
6:46 of 1st period - Shot Misses the Net.
6:50 of 1st period - Wrist shot by Pius Suter.
6:50 of 1st period - Stopped by Anton Forsberg with a rebound.
6:52 of 1st period - Snap shot by John Ramage.
6:52 of 1st period - Shot Blocked by Travis Konecny.
6:54 of 1st period - Slapshot by Connor Carrick.
6:54 of 1st period - Shot Misses the Net.
6:56 of 1st period - Wrist shot by Connor Carrick.
6:56 of 1st period - Stopped by Anton Forsberg with a rebound.
6:58 of 1st period - Slapshot by Connor Carrick.
6:58 of 1st period - Stopped by Anton Forsberg without a rebound.
6:59 of 1st period - Nick Shore wins face-off versus Jonathan Marchessault in Phantoms zone.
7:46 of 1st period - Ivan Provorov is hit by Jarred Tinordi.
7:52 of 1st period - Wrist shot by Erik Nystrom.
7:52 of 1st period - Shot Blocked by Jarred Tinordi.
8:18 of 1st period - Snap shot by Calle Jarnkrok.
8:18 of 1st period - Stopped by Marek Mazanek without a rebound.
8:19 of 1st period - Sam Steel wins face-off versus Travis Konecny in Eagles zone.
8:30 of 1st period - Snap shot by Michael Bournival.
8:30 of 1st period - Stopped by Marek Mazanek with a rebound.
8:54 of 1st period - Wrist shot by Nick Shore.
8:54 of 1st period - Stopped by Marek Mazanek without a rebound.
8:55 of 1st period - Drake Caggiula wins face-off versus Calle Jarnkrok in Eagles zone.
8:55 of 1st period - Drake Caggiula is hit by Reid McNeill.
8:58 of 1st period - Icing by Tomas Tatar.
8:59 of 1st period - Drake Caggiula wins face-off versus Calle Jarnkrok in Eagles zone.
9:10 of 1st period - Wrist shot by Tomas Tatar.
9:10 of 1st period - Stopped by Anton Forsberg with a rebound.
9:12 of 1st period - Slapshot by Jarred Tinordi.
9:12 of 1st period - Deflect By Tomas Tatar.
9:12 of 1st period - Shot Blocked by Travis Konecny.
9:12 of 1st period - Puck is out of play.
9:13 of 1st period - Jonathan Marchessault wins face-off versus Nick Shore in Phantoms zone.
9:18 of 1st period - Backhand shot by Daniel Carr.
9:18 of 1st period - Shot Blocked by Jake Dotchin.
9:20 of 1st period - Snap shot by Ryan Murphy.
9:20 of 1st period - Stopped by Anton Forsberg without a rebound.
9:21 of 1st period - Nick Shore wins face-off versus Jonathan Marchessault in Phantoms zone.
9:41 of 1st period - Snap shot by Daniel Carr.
9:41 of 1st period - Shot Misses the Net.
9:43 of 1st period - Wrist shot by Ryan Murphy.
9:43 of 1st period - Shot Misses the Net.
9:45 of 1st period - Slapshot by Jarred Tinordi.
9:45 of 1st period - Deflect By Reid McNeill.
9:45 of 1st period - Stopped by Anton Forsberg without a rebound.
9:46 of 1st period - Drake Caggiula wins face-off versus Calle Jarnkrok in Phantoms zone.
9:55 of 1st period - Slapshot by Tomas Tatar.
9:55 of 1st period - Stopped by Anton Forsberg with a rebound.
9:59 of 1st period - Snap shot by Drake Caggiula.
9:59 of 1st period - Shot Blocked by Calle Jarnkrok.
10:01 of 1st period - Slapshot by Drake Caggiula.
10:01 of 1st period - Shot Blocked by Travis Konecny.
10:18 of 1st period - Snap shot by Morgan Klimchuk.
10:18 of 1st period - Stopped by Marek Mazanek without a rebound.
10:19 of 1st period - Nick Shore wins face-off versus Jonathan Marchessault in Eagles zone.
10:32 of 1st period - Slapshot by Daniel Carr.
10:32 of 1st period - Stopped by Anton Forsberg with a rebound.
10:44 of 1st period - Drake Caggiula is hit by Cristoval Nieves.
10:56 of 1st period - Snap shot by Drake Caggiula.
10:56 of 1st period - Stopped by Anton Forsberg without a rebound.
10:57 of 1st period - Calle Jarnkrok wins face-off versus Joseph Blandisi in Phantoms zone.
11:04 of 1st period - Snap shot by Michael Bournival.
11:04 of 1st period - Stopped by Marek Mazanek with a rebound.
11:06 of 1st period - Snap shot by Calle Jarnkrok.
11:06 of 1st period - Shot Misses the Net.
12:04 of 1st period - Mark Alt is hit by Tyler Motte and loses puck.
12:54 of 1st period - Snap shot by Joseph Blandisi.
12:54 of 1st period - Stopped by Anton Forsberg without a rebound.
12:55 of 1st period - Jonathan Marchessault wins face-off versus Michael Bournival in Phantoms zone.
13:10 of 1st period - Backhand shot by Calle Jarnkrok.
13:10 of 1st period - Stopped by Marek Mazanek with a rebound.
13:16 of 1st period - Calle Jarnkrok is hit by Jonathan Marchessault.
13:28 of 1st period - Wrist shot by Sven Andrighetto.
13:28 of 1st period - Stopped by Marek Mazanek with a rebound.
13:44 of 1st period - Off-side.
13:45 of 1st period - Zach Aston-Reese wins face-off versus Cristoval Nieves in neutral zone.
13:50 of 1st period - Snap shot by Joseph Blandisi.
13:50 of 1st period - Stopped by Anton Forsberg with a rebound.
13:52 of 1st period - Wrist shot by Zach Aston-Reese.
13:52 of 1st period - Shot Misses the Net.
13:54 of 1st period - Slapshot by John Ramage.
13:54 of 1st period - Shot Blocked by Reid McNeill.
13:56 of 1st period - Snap shot by Joseph Blandisi.
13:56 of 1st period - Shot Misses the Net.
13:58 of 1st period - Slapshot by John Ramage.
13:58 of 1st period - Shot Misses the Net.
14:00 of 1st period - Snap shot by Anthony Duclair.
14:00 of 1st period - Deflect By Zach Aston-Reese.
14:00 of 1st period - Shot Misses the Net.
14:00 of 1st period - Puck is out of play.
14:01 of 1st period - Jonathan Marchessault wins face-off versus Calle Jarnkrok in Phantoms zone.
14:09 of 1st period - Icing by Jake Dotchin.
14:10 of 1st period - Calle Jarnkrok wins face-off versus Jonathan Marchessault in Phantoms zone.
14:10 of 1st period - Calle Jarnkrok is hit by Jarred Tinordi.
14:30 of 1st period - Slapshot by Calle Jarnkrok.
14:30 of 1st period - Stopped by Marek Mazanek without a rebound.
14:31 of 1st period - Nick Shore wins face-off versus Drake Caggiula in Eagles zone.
14:36 of 1st period - Slapshot by Nick Shore.
14:36 of 1st period - Shot Blocked by Drake Caggiula.
14:44 of 1st period - Nick Shore is hit by Matteson Iacopelli and loses puck.
14:45 of 1st period - Nick Shore from Phantoms is injured at 14:45 of 1st period (Torn Left Knee Ligaments).
14:46 of 1st period - Calle Jarnkrok wins face-off versus Jonathan Marchessault in Phantoms zone.
15:23 of 1st period - Snap shot by Nick Cousins.
15:23 of 1st period - Shot Misses the Net.
15:33 of 1st period - Slapshot by Nick Cousins.
15:33 of 1st period - Shot Misses the Net.
15:39 of 1st period - Wrist shot by Jonathan Marchessault.
15:39 of 1st period - Goal by Jonathan Marchessault - Phantoms : 0 - Eagles : 1.
15:40 of 1st period - Drake Caggiula wins face-off versus David Kampf in neutral zone.
15:48 of 1st period - Icing by Alex DeBrincat.
15:49 of 1st period - Drake Caggiula wins face-off versus David Kampf in Phantoms zone.
16:10 of 1st period - Slapshot by Alex DeBrincat.
16:10 of 1st period - Shot Misses the Net.
16:14 of 1st period - Snap shot by Alex DeBrincat.
16:14 of 1st period - Shot Misses the Net.
16:26 of 1st period - Snap shot by Sven Andrighetto.
16:26 of 1st period - Stopped by Marek Mazanek with a rebound.
16:28 of 1st period - Slapshot by Jake Dotchin.
16:28 of 1st period - Stopped by Marek Mazanek without a rebound.
16:29 of 1st period - Daniel Carr wins face-off versus Calle Jarnkrok in Eagles zone.
16:29 of 1st period - Daniel Carr is hit by Blake Heinrich.
16:37 of 1st period - Snap shot by Nick Cousins.
16:37 of 1st period - Stopped by Anton Forsberg without a rebound.
16:38 of 1st period - Calle Jarnkrok wins face-off versus Jonathan Marchessault in Phantoms zone.
17:15 of 1st period - Jonathan Marchessault is hit by Calle Jarnkrok.
17:49 of 1st period - Slapshot by Jonathan Marchessault.
17:49 of 1st period - Shot Misses the Net.
18:16 of 1st period - Blake Heinrich is hit by Daniel Carr and loses puck.
18:27 of 1st period - Wrist shot by Nick Cousins.
18:27 of 1st period - Shot Blocked by Travis Konecny.
18:29 of 1st period - Snap shot by Daniel Carr.
18:29 of 1st period - Stopped by Anton Forsberg without a rebound.
18:30 of 1st period - Matteson Iacopelli wins face-off versus David Kampf in Phantoms zone.
18:43 of 1st period - Wrist shot by Tomas Tatar.
18:43 of 1st period - Shot Blocked by Reid McNeill.
18:45 of 1st period - Snap shot by Tomas Tatar.
18:45 of 1st period - Goal by Tomas Tatar - Phantoms : 0 - Eagles : 2.
18:46 of 1st period - Cristoval Nieves wins face-off versus Drake Caggiula in neutral zone.
18:59 of 1st period - Wrist shot by Drake Caggiula.
18:59 of 1st period - Shot Blocked by Jake Dotchin.
19:57 of 1st period - Icing by Tomas Tatar.
19:58 of 1st period - Drake Caggiula wins face-off versus David Kampf in Eagles zone.
19:58 of 1st period - Drake Caggiula is hit by Ivan Provorov.
Goals for this period are 0 for Phantoms vs 2 for Eagles.
Shots for this period are 17 for Phantoms vs 18 for Eagles.

2nd period


0:01 of 2nd period - Drake Caggiula wins face-off versus David Kampf in neutral zone.
0:16 of 2nd period - Wrist shot by Drake Caggiula.
0:16 of 2nd period - Shot Misses the Net.
0:26 of 2nd period - Ryan Murphy is hit by Cristoval Nieves and loses puck.
0:35 of 2nd period - Backhand shot by Morgan Klimchuk.
0:35 of 2nd period - Shot Misses the Net.
0:55 of 2nd period - Mark Alt is hit by Jonathan Marchessault and loses puck.
1:46 of 2nd period - Wrist shot by Lucas Wallmarkk.
1:46 of 2nd period - Shot Blocked by Xavier Ouellet.
2:47 of 2nd period - Slapshot by Ryan Murphy.
2:47 of 2nd period - Deflect By Calle Jarnkrok.
2:47 of 2nd period - Stopped by Anton Forsberg with a rebound.
4:06 of 2nd period - Slapshot by Cristoval Nieves.
4:06 of 2nd period - Stopped by Marek Mazanek with a rebound.
4:22 of 2nd period - Slapshot by Zach Aston-Reese.
4:22 of 2nd period - Shot Blocked by Mark Alt.
5:18 of 2nd period - John Ramage is hit by Calle Jarnkrok and loses puck.
5:26 of 2nd period - Icing by John Ramage.
5:27 of 2nd period - Lucas Wallmarkk wins face-off versus Zach Aston-Reese in Eagles zone.
6:15 of 2nd period - Ryan Murphy is hit by Nick Sorensen and loses puck.
6:20 of 2nd period - Snap shot by Cristoval Nieves.
6:20 of 2nd period - Shot Misses the Net.
6:22 of 2nd period - Wrist shot by Cristoval Nieves.
6:22 of 2nd period - Shot Misses the Net.
6:41 of 2nd period - Wrist shot by Pius Suter.
6:41 of 2nd period - Shot Blocked by Lucas Wallmarkk.
6:43 of 2nd period - Wrist shot by Sam Steel.
6:43 of 2nd period - Shot Blocked by Jake Dotchin.
7:09 of 2nd period - Xavier Ouellet is hit by Alex DeBrincat and loses puck.
7:24 of 2nd period - Backhand shot by Jonathan Marchessault.
7:24 of 2nd period - Stopped by Anton Forsberg without a rebound.
7:25 of 2nd period - Calle Jarnkrok wins face-off versus Jonathan Marchessault in Phantoms zone.
7:38 of 2nd period - Snap shot by Travis Konecny.
7:38 of 2nd period - Shot Misses the Net.
7:40 of 2nd period - Snap shot by Calle Jarnkrok.
7:40 of 2nd period - Shot Misses the Net.
7:50 of 2nd period - Jarred Tinordi is hit by Nick Sorensen and loses puck.
8:15 of 2nd period - David Kampf is hit by Drake Caggiula and loses puck.
8:30 of 2nd period - Minor Penalty to Matteson Iacopelli for Hooking.
8:31 of 2nd period - Daniel Carr wins face-off versus Calle Jarnkrok in Eagles zone.
9:06 of 2nd period - Slapshot by Alex DeBrincat.
9:06 of 2nd period - Shot Misses the Net.
9:16 of 2nd period - Ivan Provorov is hit by Ryan Murphy and loses puck.
10:28 of 2nd period - Jake Dotchin is hit by Jonathan Marchessault and loses puck.
10:30 of 2nd period - Penalty to Matteson Iacopelli is over, Matteson Iacopelli is back on ice.
10:35 of 2nd period - Wrist shot by Jonathan Marchessault.
10:35 of 2nd period - Shot Blocked by Nick Sorensen.
11:05 of 2nd period - Rinat Valiev is hit by Pius Suter and loses puck.
11:39 of 2nd period - Snap shot by Tyler Motte.
11:39 of 2nd period - Shot Misses the Net.
11:41 of 2nd period - Minor Penalty to Mark Alt for Interference.
11:42 of 2nd period - Daniel Carr wins face-off versus Calle Jarnkrok in Phantoms zone.
11:45 of 2nd period - Snap shot by Daniel Carr.
11:45 of 2nd period - Shot Blocked by Reid McNeill.
11:47 of 2nd period - Slapshot by Connor Carrick.
11:47 of 2nd period - Shot Misses the Net.
11:49 of 2nd period - Snap shot by Daniel Carr.
11:49 of 2nd period - Shot Misses the Net.
12:13 of 2nd period - Connor Carrick is hit by Calle Jarnkrok and loses puck.
13:35 of 2nd period - Wrist shot by Anthony Duclair.
13:35 of 2nd period - Deflect By Tyler Motte.
13:35 of 2nd period - Shot Misses the Net.
13:35 of 2nd period - Puck is out of play.
13:36 of 2nd period - Michael Bournival wins face-off versus Tyler Motte in Phantoms zone.
13:41 of 2nd period - Penalty to Mark Alt is over, Mark Alt is back on ice.
14:37 of 2nd period - Slapshot by Travis Konecny.
14:37 of 2nd period - Deflect By Michael Bournival.
14:37 of 2nd period - Stopped by Marek Mazanek without a rebound.
14:38 of 2nd period - Sven Andrighetto wins face-off versus Jonathan Marchessault in Eagles zone.
14:39 of 2nd period - Wrist shot by Alex DeBrincat.
14:39 of 2nd period - Shot Hit the Post.
14:49 of 2nd period - Snap shot by Nick Cousins.
14:49 of 2nd period - Goal by Nick Cousins - Phantoms : 0 - Eagles : 3.
14:50 of 2nd period - Jonathan Marchessault wins face-off versus Travis Konecny in neutral zone.
16:08 of 2nd period - Brenden Kichton is hit by Joseph Blandisi and loses puck.
16:19 of 2nd period - Wrist shot by Lucas Wallmarkk.
16:19 of 2nd period - Shot Blocked by Jonathan Marchessault.
16:45 of 2nd period - Wrist shot by Drake Caggiula.
16:45 of 2nd period - Shot Blocked by Sven Andrighetto.
16:47 of 2nd period - Slapshot by Tomas Tatar.
16:47 of 2nd period - Stopped by Anton Forsberg without a rebound.
16:48 of 2nd period - Calle Jarnkrok wins face-off versus Drake Caggiula in Phantoms zone.
16:48 of 2nd period - Calle Jarnkrok is hit by Matteson Iacopelli.
17:19 of 2nd period - Off-side.
17:20 of 2nd period - Jonathan Marchessault wins face-off versus Alex DeBrincat in neutral zone.
17:33 of 2nd period - Wrist shot by Alex DeBrincat.
17:33 of 2nd period - Deflect By Sven Andrighetto.
17:33 of 2nd period - Stopped by Marek Mazanek without a rebound.
17:34 of 2nd period - Nick Cousins wins face-off versus Calle Jarnkrok in Eagles zone.
17:59 of 2nd period - Alex DeBrincat is hit by Jarred Tinordi and loses puck.
18:04 of 2nd period - Wrist shot by Drake Caggiula.
18:04 of 2nd period - Shot Misses the Net.
18:22 of 2nd period - Wrist shot by Morgan Klimchuk.
18:22 of 2nd period - Stopped by Marek Mazanek without a rebound.
18:23 of 2nd period - Cristoval Nieves wins face-off versus Jonathan Marchessault in Eagles zone.
18:28 of 2nd period - Slapshot by Cristoval Nieves.
18:28 of 2nd period - Shot Misses the Net.
18:42 of 2nd period - Slapshot by Cristoval Nieves.
18:42 of 2nd period - Stopped by Marek Mazanek with a rebound.
19:05 of 2nd period - Off-side.
19:06 of 2nd period - Calle Jarnkrok wins face-off versus Drake Caggiula in neutral zone.
19:15 of 2nd period - Slapshot by Drake Caggiula.
19:15 of 2nd period - Shot Misses the Net.
19:31 of 2nd period - Connor Carrick is hit by Alex DeBrincat.
19:35 of 2nd period - John Ramage is hit by Reid McNeill and loses puck.
19:48 of 2nd period - Jake Dotchin is hit by John Ramage.
19:58 of 2nd period - Snap shot by Lucas Wallmarkk.
19:58 of 2nd period - Goal by Lucas Wallmarkk - Phantoms : 1 - Eagles : 3.
19:59 of 2nd period - Jonathan Marchessault wins face-off versus Calle Jarnkrok in neutral zone.
Goals for this period are 1 for Phantoms vs 1 for Eagles.
Shots for this period are 6 for Phantoms vs 4 for Eagles.

3rd period


0:01 of 3rd period - Calle Jarnkrok wins face-off versus Jonathan Marchessault in neutral zone.
0:12 of 3rd period - Wrist shot by Michael Bournival.
0:12 of 3rd period - Shot Misses the Net.
0:47 of 3rd period - Snap shot by Zach Aston-Reese.
0:47 of 3rd period - Deflect By Joseph Blandisi.
0:47 of 3rd period - Stopped by Anton Forsberg with a rebound.
1:07 of 3rd period - Ivan Provorov is hit by Pius Suter and loses puck.
1:14 of 3rd period - Lucas Wallmarkk is hit by Sam Steel and loses puck.
1:50 of 3rd period - Wrist shot by Zach Aston-Reese.
1:50 of 3rd period - Shot Blocked by Brenden Kichton.
1:52 of 3rd period - Slapshot by Ryan Murphy.
1:52 of 3rd period - Stopped by Anton Forsberg with a rebound.
1:54 of 3rd period - Wrist shot by Jarred Tinordi.
1:54 of 3rd period - Shot Hit the Post.
1:56 of 3rd period - Slapshot by Ryan Murphy.
1:56 of 3rd period - Deflect By Zach Aston-Reese.
1:56 of 3rd period - Shot Blocked by Sven Andrighetto.
1:56 of 3rd period - Puck is out of play.
1:57 of 3rd period - David Kampf wins face-off versus Drake Caggiula in Phantoms zone.
2:10 of 3rd period - Snap shot by Drake Caggiula.
2:10 of 3rd period - Stopped by Anton Forsberg without a rebound.
2:11 of 3rd period - Jonathan Marchessault wins face-off versus Calle Jarnkrok in Phantoms zone.
2:15 of 3rd period - Minor Penalty to Travis Konecny for Hooking.
2:16 of 3rd period - Calle Jarnkrok wins face-off versus Jonathan Marchessault in Phantoms zone.
2:44 of 3rd period - Snap shot by Tomas Tatar.
2:44 of 3rd period - Stopped by Anton Forsberg with a rebound.
2:46 of 3rd period - Slapshot by Drake Caggiula.
2:46 of 3rd period - Shot Blocked by Jake Dotchin.
2:48 of 3rd period - Slapshot by Jarred Tinordi.
2:48 of 3rd period - Stopped by Anton Forsberg with a rebound.
2:50 of 3rd period - Snap shot by Matteson Iacopelli.
2:50 of 3rd period - Deflect By Jake Dotchin.
2:50 of 3rd period - Shot Misses the Net.
2:50 of 3rd period - Puck is out of play.
2:51 of 3rd period - Calle Jarnkrok wins face-off versus Drake Caggiula in Phantoms zone.
3:08 of 3rd period - Snap shot by Drake Caggiula.
3:08 of 3rd period - Stopped by Anton Forsberg without a rebound.
3:09 of 3rd period - Calle Jarnkrok wins face-off versus Jonathan Marchessault in Phantoms zone.
3:09 of 3rd period - Calle Jarnkrok is hit by Daniel Carr.
3:18 of 3rd period - Icing by Daniel Carr.
3:19 of 3rd period - Laurent Dauphin wins face-off versus Jonathan Marchessault in Eagles zone.
3:26 of 3rd period - Slapshot by Reid McNeill.
3:26 of 3rd period - Stopped by Marek Mazanek without a rebound.
3:27 of 3rd period - Jonathan Marchessault wins face-off versus Calle Jarnkrok in Eagles zone.
3:42 of 3rd period - Slapshot by Jake Dotchin.
3:42 of 3rd period - Shot Misses the Net.
4:15 of 3rd period - Penalty to Travis Konecny is over, Travis Konecny is back on ice.
4:53 of 3rd period - Connor Carrick is hit by Blake Heinrich and loses puck.
5:10 of 3rd period - John Ramage is hit by JC Lipon.
5:52 of 3rd period - Slapshot by Jarred Tinordi.
5:52 of 3rd period - Shot Misses the Net.
5:54 of 3rd period - Minor Penalty to Brenden Kichton for Cross-checking.
5:55 of 3rd period - Jonathan Marchessault wins face-off versus Calle Jarnkrok in Phantoms zone.
5:58 of 3rd period - Wrist shot by Daniel Carr.
5:58 of 3rd period - Shot Misses the Net.
6:00 of 3rd period - Slapshot by Jarred Tinordi.
6:00 of 3rd period - Shot Blocked by Jake Dotchin.
6:02 of 3rd period - Wrist shot by Jonathan Marchessault.
6:02 of 3rd period - Shot Blocked by Michael Bournival.
6:04 of 3rd period - Snap shot by Nick Cousins.
6:04 of 3rd period - Shot Misses the Net.
6:06 of 3rd period - Backhand shot by Ryan Murphy.
6:06 of 3rd period - Deflect By Nick Cousins.
6:06 of 3rd period - Goal by Nick Cousins - Phantoms : 1 - Eagles : 4.
6:07 of 3rd period - Calle Jarnkrok wins face-off versus Jonathan Marchessault in neutral zone.
6:10 of 3rd period - Snap shot by Michael Bournival.
6:10 of 3rd period - Goal by Michael Bournival - Phantoms : 2 - Eagles : 4.
6:11 of 3rd period - Jonathan Marchessault wins face-off versus Calle Jarnkrok in neutral zone.
6:24 of 3rd period - Snap shot by Travis Konecny.
6:24 of 3rd period - Deflect By Michael Bournival.
6:24 of 3rd period - Stopped by Marek Mazanek without a rebound.
6:25 of 3rd period - Michael Bournival wins face-off versus Jonathan Marchessault in Eagles zone.
6:38 of 3rd period - Wrist shot by Jonathan Marchessault.
6:38 of 3rd period - Deflect By Daniel Carr.
6:38 of 3rd period - Shot Blocked by Calle Jarnkrok.
6:38 of 3rd period - Puck is out of play.
6:39 of 3rd period - Calle Jarnkrok wins face-off versus Drake Caggiula in Phantoms zone.
7:52 of 3rd period - Minor Penalty to Jonathan Racine for Holding.
7:53 of 3rd period - Calle Jarnkrok wins face-off versus Daniel Carr in Eagles zone.
8:00 of 3rd period - Snap shot by Calle Jarnkrok.
8:00 of 3rd period - Shot Misses the Net.
8:02 of 3rd period - Slapshot by Reid McNeill.
8:02 of 3rd period - Shot Blocked by Tomas Tatar.
8:06 of 3rd period - Snap shot by Travis Konecny.
8:06 of 3rd period - Shot Misses the Net.
8:08 of 3rd period - Slapshot by Jake Dotchin.
8:08 of 3rd period - Shot Misses the Net.
9:10 of 3rd period - Icing by Travis Konecny.
9:11 of 3rd period - Joseph Blandisi wins face-off versus Calle Jarnkrok in Phantoms zone.
9:14 of 3rd period - Slapshot by Anthony Duclair.
9:14 of 3rd period - Stopped by Anton Forsberg without a rebound.
9:15 of 3rd period - Alex DeBrincat wins face-off versus Joseph Blandisi in Phantoms zone.
9:26 of 3rd period - Snap shot by Sven Andrighetto.
9:26 of 3rd period - Goal by Sven Andrighetto - Phantoms : 3 - Eagles : 4.
9:27 of 3rd period - Jonathan Marchessault wins face-off versus Calle Jarnkrok in neutral zone.
9:52 of 3rd period - Drake Caggiula is hit by Sven Andrighetto and loses puck.
9:59 of 3rd period - David Kampf is hit by Connor Carrick and loses puck.
10:53 of 3rd period - Ivan Provorov is hit by Ryan Murphy and loses puck.
11:36 of 3rd period - Nick Sorensen is hit by Zach Aston-Reese and loses puck.
11:57 of 3rd period - Snap shot by Erik Nystrom.
11:57 of 3rd period - Stopped by Marek Mazanek without a rebound.
11:58 of 3rd period - Lucas Wallmarkk wins face-off versus Jonathan Marchessault in Eagles zone.
12:03 of 3rd period - Slapshot by Erik Nystrom.
12:03 of 3rd period - Stopped by Marek Mazanek without a rebound.
12:04 of 3rd period - Calle Jarnkrok wins face-off versus Jonathan Marchessault in Eagles zone.
12:13 of 3rd period - Snap shot by Calle Jarnkrok.
12:13 of 3rd period - Shot Blocked by Connor Carrick.
12:15 of 3rd period - Snap shot by Calle Jarnkrok.
12:15 of 3rd period - Goal by Calle Jarnkrok - Phantoms : 4 - Eagles : 4.
12:16 of 3rd period - Calle Jarnkrok wins face-off versus Jonathan Marchessault in neutral zone.
12:18 of 3rd period - Off-side.
12:19 of 3rd period - Jonathan Marchessault wins face-off versus Calle Jarnkrok in neutral zone.
12:30 of 3rd period - Wrist shot by Nick Cousins.
12:30 of 3rd period - Shot Misses the Net.
12:40 of 3rd period - Minor Penalty to Jake Dotchin for Elbowing.
12:41 of 3rd period - Calle Jarnkrok wins face-off versus Jonathan Marchessault in Phantoms zone.
12:41 of 3rd period - Calle Jarnkrok is hit by Jarred Tinordi.
13:58 of 3rd period - Icing by Jarred Tinordi.
13:59 of 3rd period - Jonathan Marchessault wins face-off versus Travis Konecny in Eagles zone.
14:06 of 3rd period - Ryan Murphy is hit by Blake Heinrich.
14:12 of 3rd period - Snap shot by Travis Konecny.
14:12 of 3rd period - Shot Misses the Net.
14:14 of 3rd period - Snap shot by Travis Konecny.
14:14 of 3rd period - Stopped by Marek Mazanek without a rebound.
14:15 of 3rd period - Jonathan Marchessault wins face-off versus Calle Jarnkrok in Eagles zone.
14:22 of 3rd period - Slapshot by Michael Bournival.
14:22 of 3rd period - Stopped by Marek Mazanek with a rebound.
14:40 of 3rd period - Penalty to Jake Dotchin is over, Jake Dotchin is back on ice.
14:56 of 3rd period - Wrist shot by Alex DeBrincat.
14:56 of 3rd period - Shot Misses the Net.
15:14 of 3rd period - Slapshot by Morgan Klimchuk.
15:14 of 3rd period - Shot Misses the Net.
15:16 of 3rd period - Snap shot by Ivan Provorov.
15:16 of 3rd period - Shot Blocked by Sam Steel.
15:18 of 3rd period - Slapshot by Mark Alt.
15:18 of 3rd period - Shot Blocked by Jarred Tinordi.
15:20 of 3rd period - Snap shot by Nick Sorensen.
15:20 of 3rd period - Shot Misses the Net.
16:36 of 3rd period - Snap shot by Cristoval Nieves.
16:36 of 3rd period - Stopped by Marek Mazanek without a rebound.
16:37 of 3rd period - Zach Aston-Reese wins face-off versus Cristoval Nieves in Eagles zone.
16:47 of 3rd period - Icing by John Ramage.
16:48 of 3rd period - Zach Aston-Reese wins face-off versus Cristoval Nieves in Eagles zone.
17:21 of 3rd period - Wrist shot by Zach Aston-Reese.
17:21 of 3rd period - Deflect By Sven Andrighetto.
17:21 of 3rd period - Stopped by Anton Forsberg without a rebound.
17:22 of 3rd period - Calle Jarnkrok wins face-off versus Jonathan Marchessault in Phantoms zone.
17:26 of 3rd period - Off-side.
17:27 of 3rd period - Jonathan Marchessault wins face-off versus Calle Jarnkrok in neutral zone.
17:40 of 3rd period - Wrist shot by Jonathan Marchessault.
17:40 of 3rd period - Stopped by Anton Forsberg with a rebound.
19:03 of 3rd period - Minor Penalty to Travis Konecny for Interference.
19:04 of 3rd period - Calle Jarnkrok wins face-off versus Jonathan Marchessault in Phantoms zone.
19:14 of 3rd period - Slapshot by Ryan Murphy.
19:14 of 3rd period - Shot Blocked by Reid McNeill.
19:16 of 3rd period - Slapshot by Ryan Murphy.
19:16 of 3rd period - Deflect By Nick Cousins.
19:16 of 3rd period - Stopped by Anton Forsberg with a rebound.
19:18 of 3rd period - Slapshot by Jarred Tinordi.
19:18 of 3rd period - Stopped by Anton Forsberg without a rebound.
19:19 of 3rd period - Jonathan Marchessault wins face-off versus Calle Jarnkrok in Phantoms zone.
19:24 of 3rd period - Snap shot by Nick Cousins.
19:24 of 3rd period - Stopped by Anton Forsberg with a rebound.
19:26 of 3rd period - Snap shot by Jarred Tinordi.
19:26 of 3rd period - Deflect By Daniel Carr.
19:26 of 3rd period - Shot Blocked by Jake Dotchin.
19:26 of 3rd period - Puck is out of play.
19:27 of 3rd period - Jonathan Marchessault wins face-off versus Calle Jarnkrok in Phantoms zone.
19:28 of 3rd period - Snap shot by Nick Cousins.
19:28 of 3rd period - Stopped by Anton Forsberg without a rebound.
19:29 of 3rd period - Calle Jarnkrok wins face-off versus Nick Cousins in Phantoms zone.
19:29 of 3rd period - Calle Jarnkrok is hit by Jonathan Marchessault.
Goals for this period are 3 for Phantoms vs 1 for Eagles.
Shots for this period are 10 for Phantoms vs 14 for Eagles.

Overtime #1


0:01 of 1st overtime period - Jonathan Marchessault wins face-off versus Calle Jarnkrok in neutral zone.
1:03 of 1st overtime period - Penalty to Travis Konecny is over, Travis Konecny is back on ice.
1:39 of 1st overtime period - Slapshot by Jarred Tinordi.
1:39 of 1st overtime period - Stopped by Anton Forsberg without a rebound.
1:40 of 1st overtime period - Lucas Wallmarkk wins face-off versus Tyler Motte in Phantoms zone.
1:59 of 1st overtime period - Wrist shot by Lucas Wallmarkk.
1:59 of 1st overtime period - Stopped by Marek Mazanek without a rebound.
2:00 of 1st overtime period - Calle Jarnkrok wins face-off versus Jonathan Marchessault in Eagles zone.
2:13 of 1st overtime period - Snap shot by Jonathan Marchessault.
2:13 of 1st overtime period - Shot Misses the Net.
2:15 of 1st overtime period - Slapshot by Jonathan Racine.
2:15 of 1st overtime period - Deflect By Travis Konecny.
2:15 of 1st overtime period - Stopped by Anton Forsberg with a rebound.
2:25 of 1st overtime period - Jonathan Racine is hit by Alex DeBrincat and loses puck.
2:30 of 1st overtime period - Wrist shot by Sven Andrighetto.
2:30 of 1st overtime period - Goal by Sven Andrighetto - Phantoms : 5 - Eagles : 4.
Goals for this period are 1 for Phantoms vs 0 for Eagles.
Shots for this period are 2 for Phantoms vs 2 for Eagles.